Map: Prion Terraces

Players

MuphynMan

  • Race: Protoss Protoss
  • League: Diamond

Silvertone - Winner!

  • Race: Zerg Zerg
  • League: Diamond

VOD

Have the link to the VOD?

Description

Time

  • Played on: Jan. 24, 2016, 11:35 a.m.
  • Length: 12:39
Show
View Real Time Build Order
Export as new Build Order

MuphynMan Protoss 

Build Orders: 1 Gate Expand 

Get SALT Encoding   

  12  0:01  Probe (Chrono Boost)  
  13  0:11  Probe (Chrono Boost)  
  14  0:18  Pylon  
  14  0:22  Probe (Chrono Boost)  
  15  0:36  Probe (Chrono Boost)  
  15  0:38  Gateway  
  16  0:47  Probe (Chrono Boost)  
  17  0:57  Probe (Chrono Boost)  
  18  1:08  Probe (Chrono Boost)  
  19  1:16  Nexus  
  19  1:27  Cybernetics Core  
  19  1:33  Probe (Chrono Boost)  
  19  1:37  Assimilator  
  19  1:39  Assimilator  
  20  1:47  Pylon  
  20  1:51  Gateway  
  20  1:53  Probe (Chrono Boost)  
  21  2:25  Nexus  
  21  2:27  Zealot  
  23  2:32  Mothership Core (Chrono Boost)  
  25  2:38  Adept  
  29  3:06  Gateway  
  29  3:19  Gateway x2  
  5  4:15  Pylon  
  4  4:23  Cybernetics Core  
  4  4:25  Probe (Chrono Boost)  
  5  4:33  Probe (Chrono Boost)  
  5  4:37  Probe (Chrono Boost)  
  7  4:45  Probe (Chrono Boost)  
  5  5:19  Probe (Chrono Boost)  
  6  5:26  Probe (Chrono Boost)  
  7  5:38  Probe x2 (Chrono Boost)  
  9  5:52  Probe (Chrono Boost)  
  9  5:55  Probe (Chrono Boost)  
  11  6:07  Probe (Chrono Boost)  
  11  6:10  Probe (Chrono Boost)  
  13  6:19  Probe (Chrono Boost)  
  13  6:23  Probe (Chrono Boost)  
  13  6:35  Probe (Chrono Boost)  
  11  6:46  Probe (Chrono Boost)  
  12  6:57  Probe (Chrono Boost)  
  13  7:07  Probe (Chrono Boost)  
  14  7:12  Pylon  
  14  7:18  Probe (Chrono Boost)  
  15  7:28  Probe (Chrono Boost)  
  16  7:34  Assimilator  
  16  7:37  Assimilator  
  16  7:39  Probe (Chrono Boost)  
  16  7:43  Gateway  
  17  7:49  Probe (Chrono Boost)  
  18  8:04  Pylon  
  18  8:06  Pylon  
  18  8:15  Pylon  
  18  8:22  Pylon  
  18  8:26  Probe (Chrono Boost)  
  19  8:35  Cybernetics Core  
  8  9:21  Probe (Chrono Boost)  
  9  9:40  Twilight Council  
  9  9:43  Probe (Chrono Boost)  
  10  9:53  Probe (Chrono Boost)  
  10  9:58  Probe (Chrono Boost)  
  13  10:10  Probe (Chrono Boost)  
  6  10:35  Probe x2 (Chrono Boost)  
  8  10:46  Probe (Chrono Boost)  
  8  11:08  Pylon  
  5  11:20  Dark Shrine  
Show
View Real Time Build Order
Export as new Build Order

Silvertone Zerg - Winner!

Build Orders: Pool First, Zergling Baneling 

Get SALT Encoding   

  12  0:02  Drone  
  13  0:12  Drone  
  13  0:13  Extractor  
  13  0:29  Spawning Pool  
  13  0:33  Drone  
  13  0:39  Drone  
  14  0:48  Extractor  
  14  0:49  Drone  
  14  0:54  Overlord  
  15  1:16  Metabolic Boost  
  15  1:18  Queen  
  17  1:20  Zergling x2  
  18  1:29  Zergling x4  
  20  1:36  Zergling x2  
  21  1:42  Baneling Nest  
  20  1:48  Zergling x2  
  21  1:59  Zergling x2  
  22  2:06  Overlord  
  22  2:27  Zergling x8  
  26  2:38  Zergling x2  
  27  2:53  Baneling  
  27  2:58  Baneling x6  
  25  3:00  Zergling x6  
  25  3:02  Zergling x2  
  22  3:48  Zergling x8  
  23  3:49  Zergling x4  
  26  4:20  Zergling x4  
  28  4:26  Baneling x8  
  28  4:29  Baneling  
  28  4:30  Baneling x2  
  28  4:31  Zergling x2  
  29  4:45  Hatchery  
  24  4:58  Zergling x4  
  24  4:59  Zergling x6  
  24  5:31  Drone x5  
  29  6:00  Baneling x10  
  29  6:03  Queen  
  32  6:04  Drone  
  32  6:19  Zergling x2  
  32  6:20  Zergling x4  
  30  6:40  Zergling x12  
  35  6:51  Zergling x2  
  34  7:02  Zergling x2  
  34  7:04  Overlord x2  
  34  7:12  Drone x2  
  35  7:21  Queen  
  35  7:22  Zergling x4  
  38  7:23  Zergling x4  
  39  7:30  Zergling x4  
  39  7:31  Zergling x2  
  39  7:34  Zergling x2  
  42  7:41  Drone x2  
  42  7:53  Zergling x2  
  42  7:54  Zergling x2  
  42  8:09  Zergling x6  
  45  8:14  Drone  
  46  8:24  Baneling x6  
  46  8:25  Baneling x10  
  46  8:28  Zergling x4  
  46  8:29  Zergling x2  
  49  8:35  Zergling x2  
  31  9:21  Zergling x12  
  35  9:24  Queen  
  35  9:25  Queen  
  39  9:33  Baneling x2  
  39  9:34  Zergling x4  
  39  9:35  Zergling x2  
  42  9:39  Hatchery  
  41  9:50  Zergling x4  
  43  9:54  Zergling x4  
  45  10:08  Zergling x2  
  45  10:09  Zergling x2  
  45  10:26  Zergling x2  
  45  10:27  Zergling x6  
  45  10:33  Baneling  
  45  10:34  Baneling x7  
  41  10:40  Queen x2  
  41  10:41  Drone x2  
  46  11:03  Zergling x2  
  45  11:04  Zergling x4  
  48  11:11  Drone x5, Zergling x2  
  48  11:12  Drone x3, Zergling x2  
  48  11:16  Queen  
  58  11:19  Overlord  
  58  11:25  Overlord  
  60  11:44  Zergling x16  
  68  11:50  Extractor  
  68  11:51  Evolution Chamber x2, Extractor  
Tags
 
Add a new tag
Caveats
  • Supply blocks, unpowered buildings, or Contaminate may cause inaccurate times.
  • Supply counts are checked every 10 seconds.